 Dungeon Crawl Stone Soup version 0.31.0-7-gf635a9b802 (webtiles) character file.

Game seed: 17483716057634176087

193963 Xavori the Fencer (level 18, -5/132 HPs)
             Began as a Djinni Chaos Knight on Jan 23, 2024.
             Was a Plaything of Xom.
             Slain by a spark wasp (13 damage)
             ... on level 3 of the Spider Nest on Jan 24, 2024.
             The game lasted 00:48:56 (28624 turns).

Xavori the Fencer (Djinni Chaos Knight)            Turns: 28624, Time: 00:48:57

Health: -5/132     AC: 18    Str: 12    XL:     18   Next: 98%
Gold:   3692       EV: 30    Int: 35    God:    Xom [*.....] SH:  9 Dex: 34

rFire   + + +        m - +7 Throatcutter {drain, coup de grace}
rCold   . . .        U - +0 buckler {reflect}
rNeg    . . .        T - +4 robe of Augmentation {Str+4 Int+4 Dex+4}
rPois   ∞            (helmet restricted)
rElec   .            Y - +2 cloak {rF+}
rCorr   .            e - +2 pair of gloves {Dex+3}
SInv    .            (boots unavailable)
Will    +....        q - amulet of Natul {Regen+ Int+2 Stlth+}
Stlth   +++++++      l - ring of ice
HPRegen 1.22/turn    z - +6 ring of intelligence
MPRegen 0.00/turn

%: reflection, clarity, infuse magic (-6 HP)
@: about to teleport, flying, slightly contaminated
A: sickness immunity, fire resistance 3, cold vulnerability 1, float, innate
caster, HP casting, extra vitality 1, horns 2, iridescent scales 2, thin
skeletal structure 3, agile 1, clarity, clever 2
}: 1/15 runes: decaying
a: Renounce Religion


You were on level 3 of the Spider Nest.
You worshipped Xom.
You were a special plaything of Xom.
You visited 5 branches of the dungeon, and saw 30 of its levels.
You also visited: Volcano.

You collected 4396 gold pieces.
You spent 704 gold pieces at shops.

Inventory:

Hand Weapons
 m - the +7 Throatcutter (weapon) {drain, coup de grace}
   (You found it on level 3 of the Dungeon)
Armour
 e - a +2 pair of gloves of dexterity (worn)
 j - a +2 helmet
 p - +0 ice dragon scales
 y - a +2 buckler of protection
 T - the +4 robe of Augmentation (worn) {Str+4 Int+4 Dex+4}
   (You found it on level 8 of the Dungeon)

   Str+4:     It affects your strength (+4).
   Int+4:     It affects your intelligence (+4).
   Dex+4:     It affects your dexterity (+4).
 U - a +0 buckler of reflection (worn)
 Y - a +2 cloak of fire resistance (worn)
Jewellery
 a - a +6 ring of strength
 l - a ring of ice (left hand)
 q - the amulet of Natul (around neck) {Regen+ Int+2 Stlth+}
   (Xom gifted it to you on level 3 of the Dungeon)

   [amulet of regeneration]

   Int+2:     It affects your intelligence (+2).
   Regen+:    It increases your rate of health regeneration.
   Stlth+:    It makes you more stealthy.
 u - a ring of wizardry
 w - a ring of ice
 z - a +6 ring of intelligence (right hand)
 E - an amulet of faith
 K - an amulet of the acrobat
 S - a ring of wizardry
Wands
 h - a wand of polymorph (17)
 B - a wand of roots (21)
 F - a wand of mindburst (3)
 G - a wand of charming (29)
 I - a wand of flame (62)
 N - a wand of acid (12)
 O - a wand of digging (42)
Scrolls
 b - a scroll of summoning
 c - a scroll of butterflies
 d - 6 scrolls of revelation
 f - 4 scrolls of immolation
 i - 8 scrolls of enchant weapon
 k - 7 scrolls of poison
 n - a scroll of fear
 r - 3 scrolls of brand weapon
 t - 6 scrolls of fog
 x - 8 scrolls of teleportation
 D - 10 scrolls of enchant armour
 R - 5 scrolls of blinking
Potions
 g - 12 potions of curing
 o - 3 potions of cancellation
 s - 2 potions of attraction
 v - 2 potions of brilliance
 C - 3 potions of haste
 J - 4 potions of berserk rage
 L - 6 potions of enlightenment
 M - 3 potions of resistance {unknown}
 P - 7 potions of heal wounds {unknown}
 Q - 2 potions of lignification {unknown}
 V - 3 potions of might {unknown}
 X - a potion of experience {unknown}
 Z - 2 potions of mutation {unknown}
Miscellaneous
 W - a sack of spiders


   Skills:
 * Level 13.1 Fighting
 - Level 15.1 Long Blades
 * Level 12.3 Armour
 * Level 14.3 Dodging
 + Level 7.9 Shields
 * Level 11.1 Spellcasting
 * Level 11.1 Conjurations
 * Level 11.1 Hexes
 * Level 11.1 Summonings
 * Level 11.1 Necromancy
 * Level 11.1 Translocations
 * Level 11.1 Fire Magic
 * Level 11.1 Ice Magic
 * Level 11.1 Air Magic
 * Level 11.1 Earth Magic
 * Level 11.1 Alchemy
 - Level 11.0 Evocations


You knew the following spells:

 Your Spells              Type           Power      Damage    Failure   Level
a - Sting                 Conj/Alch      100%       1d9       1%          1
b - Mercury Vapours       Alch/Air       100%       N/A       1%          2
c - Teleport Other        Tloc           78%        N/A       1%          3
d - Summon Ice Beast      Ice/Summ       98%        N/A       1%          3
e - Iskenderun's Battles  Conj           78%        2d13      1%          5
f - Freezing Cloud        Conj/Ice/Air   49%        6-21      1%          5
g - Plasma Beam           Fire/Air       39%        2x1d52    4%          6
h - Eringya's Noxious Bo  Alch           39%        4d6       4%          6
Your spell library was empty.

Dungeon Overview and Level Annotations

Branches:
Dungeon (15/15)            Temple (0/1) D:5            Lair (5/5) D:9
  Swamp (4/4) Lair:3       Spider (4/4) Lair:3        Slime (0/5) Lair:4
    Orc (2/2) D:11            Elf (0/3) Orc:2        Vaults (0/5) D:14
 Depths (0/4) D:15        Volcano (visited)

Altars:
Hepliaklqana
Nemelex Xobeh
Qazlal
Trog
Uskayaw
Wu Jian
Xom

Shops:
D:3 [   Orc:2 [[([

Annotations:
D:8 1 runed translucent door, Vadun's ghost, novice TrMo
D:13 1 runed translucent door
Swamp:4 1 transporter, sasquatch's ghost, adept DsGl
Spider:4 Mara


Innate Abilities, Weirdness & Mutations

You are immune to sickness and miasma.
You are immune to poison.
Your flesh is almost immune to the effects of heat. (rF+++)
You are vulnerable to cold. (rC-)
You float through the air rather than walking.
You learn spells naturally, not from books.
Your magical power is your life essence.
You have superior vitality. (+4 MHP)
You have a pair of horns on your head.
You are mostly covered in iridescent scales. (AC +4)
You have an unnaturally thin skeletal structure. (Dex +6, Stealth+++)
You are agile. (Dex +4, Str/Int -1)
You possess an exceptional clarity of mind.
Your mind is very acute. (Int +8, Str/Dex -2)


Message History

Casting: Freezing Cloud (mildly dangerous; 1% risk of failure)
Confirm with . or Enter, or press ? or * to list all spells.
Casting: Plasma Beam (dangerous; 4% risk of failure)
Press: ? - help, Dir - look around, f - activate The bolt of lightning hits the spark wasp.
The spark wasp completely resists.
The spark wasp is lightly wounded.
You hear a sizzling sound!
* * * LOW HITPOINT WARNING * * *
The spark wasp is engulfed in freezing vapours. x2
As you read the scroll of fear, it crumbles to dust.
You assume a fearsome visage.
The spark wasp looks frightened!
Casting: Plasma Beam (dangerous; 4% risk of failure)
Confirm with . or Enter, or press ? or * to list all spells.
Casting: Plasma Beam (dangerous; 4% risk of failure)
Press: ? - help, Dir - look around, f - activate The bolt of lightning misses the spark wasp.
The fiery plasma misses the spark wasp.
You hear a sizzling sound!
* * * LOW HITPOINT WARNING * * *
The spark wasp is engulfed in freezing vapours.
Casting: Plasma Beam (dangerous; 4% risk of failure)
Confirm with . or Enter, or press ? or * to list all spells.
Casting: Plasma Beam (dangerous; 4% risk of failure)
Press: ? - help, Dir - look around, f - activate The bolt of lightning hits the spark wasp.
The spark wasp completely resists.
The spark wasp is moderately wounded.
Your attack snaps the spark wasp out of its fear.
You hear a sizzling sound!
* * * LOW HITPOINT WARNING * * *
The spark wasp is engulfed in freezing vapours.
As you read the scroll of teleportation, it crumbles to dust.
You feel strangely unstable.
The spark wasp bursts into living lightning!
The living lightning misses you.
The spark wasp blinks! x2
The spark wasp stings you.
* * * LOW HITPOINT WARNING * * *
The spark wasp shocks you!
You die...

#^.......##.......
##........##.††....
#.........##.<.>...
#^........###......
#.........##..#....
#..§○§..<.#.#..##..
##.§§§.....^.#..###
##§§§§.^####......
#@y>..§§## ###..##
####.§§§§## ####
#####.#§..## #.##
###^..#.##...####.#.
#......#####..##^#..
#......)## ##...####
#........#####..# #
##......#.^...^## #
##....###.###..## #


You could see a spark wasp.

Vanquished Creatures
  Mlioglotl (Swamp:1)
  Gastronok (D:8)
  Aizul (Swamp:3)
  3 thorn hunters
  An azure jelly (Swamp:4)
  Louise (Swamp:4)
  An emperor scorpion (Spider:2)
  2 broodmothers
  A very ugly thing (D:12)
  7 eleionomae
  Nessos (D:12)
  2 bunyips
  A spark wasp (Spider:2)
  An ettin (D:15)
  2 entropy weavers
  Josephine (Orc:2)
  3 ice dragons (Swamp:4)
  A great orb of eyes (D:12)
  8 vault guards (D:14)
  A shambling mangrove (Swamp:1)
  10 hydras
  A catoblepas (Lair:2)
  3 radroaches
  2 jorogumos
  6 alligators
  A satyr (Spider:3)
  2 death knights
  10 death yaks
  11 boulder beetles
  9 centaur warriors
  5 two-headed ogres
  2 hell hogs (Lair:5)
  2 tengu warriors
  5 demonic crawlers
  3 spriggans
  4 pharaoh ants
  5 skeletal warriors
  A fire crab (Volcano)
  Lodul (D:14)
  3 skysharks
  Amaemon (D:8)
  2 spriggan druids (Swamp:2)
  2 swamp dragons (Swamp:2)
  3 goliath frogs
  A lindwurm (Lair:5)
  A bog body (Swamp:2)
  A harpy (shapeshifter) (D:13)
  3 orc knights (Orc:2)
  3 deep elf pyromancers
  2 necromancers (D:15)
  10 ugly things
  5 steelbarb worms
  12 wolf spiders
  3 salamanders (Volcano)
  A will-o-the-wisp (Swamp:2)
  2 orc sorcerers (Orc:2)
  7 cyclopes
  3 manticores
  Maurice (D:8)
  A moth of wrath (Spider:2)
  14 elephants
  2 kobold blastminers (Orc:2)
  11 black mambas
  3 molten gargoyles (Lair:5)
  9 cane toads
  2 gargoyles
  4 torpor snails
  4 unseen horrors
  Jeremiah (D:8)
  An orange demon (D:8)
  18 komodo dragons
  5 kobold demonologists (D:10)
  7 rime drakes
  Maggie (D:8)
  An efreet (D:14)
  7 freezing wraiths
  2 polar bears (shapeshifter)
  5 hornets
  5 bloated husks
  5 trolls
  4 tyrant leeches
  12 blink frogs
  Prince Ribbit (D:6)
  16 dream sheep
  12 tarantellas
  14 jumping spiders
  5 vampires
  2 shadows
  8 culicivoras
  12 slime creatures
  5 wraiths
  37 yaks
  8 wyverns
  2 steam dragons (Lair:5)
  Eustachio (D:6)
  2 fire bats (Volcano)
  A warg (Orc:2)
  8 vampire mosquitoes
  5 basilisks
  4 swamp worm simulacra (Swamp:4)
  21 redbacks
  19 swamp worms
  2 acid dragons (D:12)
  15 hydra simulacra (Swamp:4)
  16 water moccasins
  6 hell hounds
  2 black bears (D:7)
  5 sky beasts (D:7)
  2 swamp drakes
  8 ice beasts
  37 orc warriors
  11 wolves
  16 ogres
  20 centaurs
  4 phantoms
  6 kobold brigands
  Blork the orc (D:6)
  A brain worm (Lair:3)
  18 bullfrogs
  6 scorpions
  8 wights
  2 killer bees (D:7)
  4 howler monkeys
  5 lava snakes (Lair:5)
  8 electric eels
  2 hounds
  12 jellies
  14 orc priests
  3 sleepcaps
  An iguana (shapeshifter) (D:8)
  Natasha (twice) (D:3)
  3 iguanas
  21 orc wizards
  A hell rat (Lair:4)
  12 gnolls
  5 adders
  5 river rats (Lair:4)
  3 white imps
  An ufetubus (D:7)
  4 swamp drake simulacra (Swamp:4)
  2 dart slugs
  3 ribbon worms
  77 orcs
  18 endoplasms
  A giant cockroach (D:2)
  6 goblins
  6 hobgoblins
  A jackal (D:5)
  4 quokkas
  4 ball pythons
  2 bats (D:3)
  7 frilled lizards
  16 kobolds
  9 rats
944 creatures vanquished.

Vanquished Creatures (collateral kills)
  The ghost of HilariousDeathArtist the Severer, an adept VSNe of Makhleb (Swamp:2)
  A cyclops (D:7)
  A blink frog (Lair:5)
  2 slime creatures (D:12)
  Sigmund (D:2)
  A yak (Lair:1)
  Robin (D:2)
  2 ribbon worms (D:2)
  An orc (D:7)
  5 hobgoblins (D:2)
  A quokka (D:2)
  3 goblins (D:2)
  A rat (D:2)
21 creatures vanquished.

Vanquished Creatures (others)
  A rakshasa (D:13)
  A dancing weapon (D:7)
  A hell knight (D:15)
  An unseen horror (D:13)
  A hound (D:6)
  An orc wizard (Orc:2)
  3 kobolds (D:6)
  2 foxfires (Swamp:2)
  2 starspawn tentacles (Swamp:1)
13 creatures vanquished.

Grand Total: 978 creatures vanquished

Notes
Turn   | Place    | Note
-------+----------+-------------------------------------------
     0 | D:1      | Xavori the Djinni Chaos Knight began the quest for the Orb.
     0 | D:1      | Reached XP level 1. HP: 20/20 MP: 0/0
   264 | D:1      | Reached XP level 2. HP: 21/25 MP: 0/0
   543 | D:2      | Found a faded altar of an unknown god.
   582 | D:1      | XOM: divination: detect items
  1472 | D:1      | XOM: divination: detect items
  1675 | D:1      | XOM: cloud trail
  1704 | D:1      | XOM: god gift: 5 atropa-tipped darts
  2138 | D:1      | XOM: silly message
  3087 | D:1      | XOM: cloud trail
  3599 | D:1      | XOM: give mutations
  3599 | D:1      | Gained mutation: You are robust. (+10% HP) [Xom's mischief]
  3599 | D:1      | Gained mutation: You are agile. (Dex +4, Str/Int -1) [Xom's
                  | mischief]
  3599 | D:1      | Gained mutation: You possess an exceptional clarity of
                  | mind. [Xom's mischief]
  3879 | D:1      | XOM: 2-stop teleportation journey
  3889 | D:2      | Noticed Sigmund
  3933 | D:2      | Reached skill level 3 in Long Blades
  3938 | D:2      | Killed Sigmund
  3939 | D:2      | Reached skill level 1 in Spellcasting
  3939 | D:2      | Reached skill level 1 in Conjurations
  3939 | D:2      | Reached skill level 1 in Hexes
  3939 | D:2      | Reached skill level 1 in Summonings
  3939 | D:2      | Reached skill level 1 in Necromancy
  3939 | D:2      | Reached skill level 1 in Translocations
  3939 | D:2      | Reached skill level 1 in Fire Magic
  3939 | D:2      | Reached skill level 1 in Ice Magic
  3939 | D:2      | Reached skill level 1 in Air Magic
  3939 | D:2      | Reached skill level 1 in Earth Magic
  3939 | D:2      | Reached skill level 1 in Alchemy
  3939 | D:2      | Reached XP level 3. HP: 27/33 MP: 0/0
  3939 | D:2      | Learned a level 1 spell: Sting
  3939 | D:2      | Reached XP level 4. HP: 31/38 MP: 0/0
  3939 | D:2      | Reached XP level 5. HP: 36/44 MP: 0/0
  3939 | D:2      | Learned a level 2 spell: Mercury Vapours
  3988 | D:2      | XOM: scenery: summon butterflies
  4005 | D:2      | Noticed Robin
  4009 | D:2      | Reached XP level 6. HP: 50/50 MP: 0/0
  4010 | D:2      | Killed Robin
  4025 | D:2      | XOM: give mutations
  4025 | D:2      | Gained mutation: You expend health (3 HP) to strengthen
                  | your wands. [Xom's grace]
  4025 | D:2      | Gained mutation: A frigid envelope surrounds you and
                  | freezes all who hurt you. [Xom's grace]
  4048 | D:2      | Reached skill level 4 in Long Blades
  4363 | D:2      | XOM: give mutations
  4363 | D:2      | Gained mutation: You are partially covered in iridescent
                  | scales. (AC +2) [Xom's grace]
  4363 | D:2      | Gained mutation: You have a pair of small horns on your
                  | head. [Xom's grace]
  4363 | D:2      | Gained mutation: Your muscles are strong. (Str +4, Int/Dex
                  | -1) [Xom's grace]
  4519 | D:3      | Found Doses's Armour Shop.
  4520 | D:3      | XOM: scenery: create altars
  4573 | D:3      | XOM: confuse monster(s)
  4627 | D:3      | Found the +7 Throatcutter {drain, coup de grace}
  4649 | D:3      | Found a hazy altar of Hepliaklqana.
  4650 | D:3      | Found a sparkling altar of Nemelex Xobeh.
  4990 | D:3      | Noticed Natasha
  4995 | D:3      | Killed Natasha
  5006 | D:3      | Identified the amulet of Natul {Regen+ Int+2 Stlth+} (Xom
                  | gifted it to you on level 3 of the Dungeon)
  5006 | D:3      | XOM: god gift: amulet of Natul {Regen+ Int+2 Stlth+}
  5074 | D:3      | XOM: give mutation
  5074 | D:3      | Gained mutation: You are mostly covered in iridescent
                  | scales. (AC +4) [Xom's grace]
  5106 | D:3      | Noticed Natasha
  5111 | D:3      | XOM: enchant monster (good)
  5113 | D:3      | Killed Natasha
  5114 | D:3      | Reached XP level 7. HP: 56/56 MP: 0/0
  5114 | D:3      | Learned a level 3 spell: Teleport Other
  5889 | D:4      | XOM: god gift: staff of fire
  5898 | D:5      | Entered Level 5 of the Dungeon
  5983 | D:5      | Reached skill level 5 in Long Blades
  6092 | D:5      | Reached XP level 8. HP: 60/63 MP: 0/0
  6152 | D:5      | XOM: scenery: create altars
  6370 | D:5      | Found a staircase to the Ecumenical Temple.
  6492 | D:5      | XOM: give mutations
  6492 | D:5      | Gained mutation: You passively map a small area around you.
                  | [Xom's grace]
  6492 | D:5      | Gained mutation: You are covered in fur. (AC +1) [Xom's
                  | grace]
  6492 | D:5      | Gained mutation: You have very sharp teeth. [Xom's grace]
  6492 | D:5      | Gained mutation: You have hidden genetic potential. [Xom's
                  | grace]
  6746 | D:6      | Noticed Eustachio
  6746 | D:6      | XOM: destruction
  6751 | D:6      | Killed Eustachio
  6752 | D:6      | Reached skill level 6 in Long Blades
  6760 | D:6      | Noticed Prince Ribbit
  6767 | D:6      | Killed Prince Ribbit
  6768 | D:6      | Reached skill level 5 in Fighting
  6869 | D:6      | XOM: noise
  6871 | D:6      | XOM: summons 4 hostile shadow creatures
  6874 | D:6      | Reached XP level 9. HP: 56/71 MP: 0/0
  6874 | D:6      | Learned a level 3 spell: Summon Ice Beast
  6886 | D:6      | Gained mutation: You have a somewhat thin skeletal
                  | structure. (Dex +2, Stealth+) [hidden potential]
  6893 | D:6      | XOM: give mutations
  6893 | D:6      | Lost mutation: You passively map a small area around you.
                  | [Xom's mischief]
  6893 | D:6      | Lost mutation: You are agile. (Dex +4, Str/Int -1) [Xom's
                  | mischief]
  6893 | D:6      | Gained mutation: Your body sometimes deteriorates upon
                  | taking damage. [Xom's mischief]
  7014 | D:6      | Reached skill level 7 in Long Blades
  7105 | D:6      | XOM: confuse monster(s)
  7162 | D:6      | Noticed Blork the orc
  7167 | D:6      | Killed Blork the orc
  7168 | D:6      | Reached skill level 5 in Dodging
  7306 | D:6      | XOM: cloud trail
  7351 | D:6      | XOM: scenery: summon butterflies
  7506 | D:7      | Found a bloodstained altar of Trog.
  7587 | D:7      | XOM: 1-stop teleportation journey
  7616 | D:7      | XOM: polymorph yak -> killer bee
  7619 | D:7      | XOM: smoke on damage
  7621 | D:7      | XOM: potion effect (might)
  7628 | D:7      | XOM: destruction
  7631 | D:7      | XOM: divination: detect creatures
  7632 | D:7      | Found an ornate altar of the Wu Jian Council.
  7632 | D:7      | XOM: 3-stop teleportation journey
  7651 | D:7      | XOM: 2-stop teleportation journey
  7810 | D:7      | Reached skill level 8 in Long Blades
  7953 | D:7      | XOM: blink monster(s)
  7956 | D:7      | Reached XP level 10. HP: 79/79 MP: 0/0
  7959 | D:7      | XOM: silly message
  7971 | D:7      | Reached skill level 9 in Long Blades
  7975 | D:7      | Gained mutation: You have a moderately thin skeletal
                  | structure. (Dex +4, Stealth++) [hidden potential]
  7975 | D:7      | Lost mutation: You have hidden genetic potential. [hidden
                  | potential expressed]
  7992 | D:7      | Identified the +6 scale mail of Exclusion {rPois}
  8125 | D:7      | Noticed a two-headed ogre
  8128 | D:7      | Noticed a boulder beetle
  8129 | D:7      | Killed a two-headed ogre
  8132 | D:7      | XOM: fake destruction
  8135 | D:7      | XOM: torment (23/80 hp)
  8136 | D:7      | Noticed a cyclops
  8153 | D:7      | XOM: enchant monster (bad)
  8163 | D:7      | XOM: chaos cloud
  8205 | D:7      | XOM: cleaving
  8211 | D:7      | Killed a boulder beetle
  8212 | D:7      | Reached skill level 10 in Long Blades
  8243 | D:7      | XOM: enchant monster (good)
  8245 | D:7      | Killed a cyclops
  8246 | D:7      | Reached XP level 11. HP: 53/86 MP: 0/0
  8246 | D:7      | Learned a level 5 spell: Iskenderun's Battlesphere
  8284 | D:7      | XOM: scenery: summon butterflies
  8294 | D:7      | XOM: summons friendly white imp
  8356 | D:7      | Noticed a cyclops
  8360 | D:7      | Killed a cyclops
  8361 | D:7      | Reached skill level 11 in Long Blades
  8361 | D:7      | Reached skill level 1 in Evocations
  8408 | D:7      | XOM: polymorph white imp -> shadow imp
  8427 | D:7      | XOM: polymorph shadow imp -> quasit
  8726 | D:7      | XOM: god gift: 887 gold pieces
  8915 | D:8      | Found the +4 robe of Augmentation {Str+4 Int+4 Dex+4}
  8999 | D:8      | Noticed Gastronok
  9009 | D:8      | XOM: confuse monster(s)
  9016 | D:8      | Killed Gastronok
  9017 | D:8      | Reached skill level 5 in Spellcasting
  9017 | D:8      | Reached skill level 5 in Conjurations
  9017 | D:8      | Reached skill level 5 in Hexes
  9017 | D:8      | Reached skill level 5 in Summonings
  9017 | D:8      | Reached skill level 5 in Necromancy
  9017 | D:8      | Reached skill level 5 in Translocations
  9017 | D:8      | Reached skill level 5 in Fire Magic
  9017 | D:8      | Reached skill level 5 in Ice Magic
  9017 | D:8      | Reached skill level 5 in Air Magic
  9017 | D:8      | Reached skill level 5 in Earth Magic
  9017 | D:8      | Reached skill level 5 in Alchemy
  9026 | D:8      | XOM: give mutations
  9026 | D:8      | Gained mutation: You are completely covered in iridescent
                  | scales. (AC +6) [Xom's grace]
  9166 | D:8      | Noticed Maggie
  9172 | D:8      | XOM: silly message
  9184 | D:8      | XOM: potion effect (attraction)
  9186 | D:8      | Killed Maggie
  9268 | D:8      | Noticed Maurice
  9269 | D:8      | XOM: potion effect (invisibility)
  9277 | D:8      | Something stole 102 gold
  9278 | D:8      | Something stole a +0 falchion of chaos
  9294 | D:8      | Killed Maurice
  9361 | D:8      | Noticed Amaemon
  9363 | D:8      | XOM: potion effect (might)
  9370 | D:8      | Killed Amaemon
  9424 | D:8      | Noticed Grum
  9424 | D:8      | Identified the +2 scale mail "Pioguxeo" {rPois MP+9 Dex-3}
  9426 | D:8      | Grum changed into Grum the glowing shapeshifter
  9426 | D:8      | Noticed Grum (glowing shapeshifter)
  9426 | D:8      | XOM: polymorph Grum -> Grum the glowing shapeshifter
  9426 | D:8      | Grum the glowing shapeshifter changed into Grum the iguana
  9435 | D:8      | Reached XP level 12. HP: 96/96 MP: 0/0
  9445 | D:8      | Noticed Jeremiah
  9453 | D:8      | Killed Jeremiah
  9602 | D:8      | Found a runed translucent door.
  9603 | D:8      | Noticed Vadun's ghost (novice TrMo)
 10022 | D:9      | XOM: cast spell 'Chain of Chaos'
 10024 | D:9      | Found a staircase to the Lair.
 10029 | D:9      | Reached skill level 12 in Long Blades
 10354 | D:9      | XOM: give mutations
 10354 | D:9      | Gained mutation: You are agile. (Dex +4, Str/Int -1) [Xom's
                  | grace]
 10354 | D:9      | Gained mutation: You have hidden genetic potential. [Xom's
                  | grace]
 10435 | D:10     | Entered Level 10 of the Dungeon
 10721 | D:10     | Found a stormy altar of Qazlal.
 10930 | D:10     | Noticed a sixfirhy
 11025 | D:10     | XOM: enchant monster (good)
 11026 | D:10     | Reached skill level 5 in Evocations
 11323 | D:11     | XOM: cleaving
 11368 | D:11     | XOM: noise
 11374 | D:11     | Noticed a two-headed ogre
 11381 | D:11     | XOM: fog
 11429 | D:11     | Killed a two-headed ogre
 11439 | D:11     | Noticed a boulder beetle
 11475 | D:11     | Reached XP level 13. HP: 93/103 MP: 0/0
 11475 | D:11     | Learned a level 5 spell: Freezing Cloud
 11487 | D:11     | XOM: stat loss: -1 Dex (23/24)
 11538 | D:11     | XOM: give mutations
 11538 | D:11     | Lost mutation: You have very sharp teeth. [Xom's mischief]
 11538 | D:11     | Lost mutation: You have a pair of small horns on your head.
                  | [Xom's mischief]
 11538 | D:11     | Lost mutation: You are robust. (+10% HP) [Xom's mischief]
 11604 | D:11     | Reached skill level 13 in Long Blades
 11664 | D:11     | XOM: enchant monster (bad)
 11665 | D:11     | XOM: noise
 11666 | D:11     | Gained mutation: Your mind is acute. (Int +4, Str/Dex -1)
                  | [hidden potential]
 11668 | D:11     | Found a staircase to the Orcish Mines.
 11668 | D:11     | XOM: 1-stop teleportation journey
 11715 | D:11     | XOM: give mutation
 11715 | D:11     | Gained mutation: Your flesh is almost immune to the effects
                  | of heat. (rF+++) [Xom's grace]
 11737 | D:11     | XOM: 1-stop teleportation journey
 11829 | D:11     | XOM: give mutation
 11829 | D:11     | Gained mutation: Your mind is very acute. (Int +8, Str/Dex
                  | -2) [Xom's grace]
 12019 | D:11     | XOM: scenery: create altars
 12074 | Lair:1   | Entered Level 1 of the Lair of Beasts
 12104 | Lair:1   | XOM: confuse monster(s)
 12117 | Lair:1   | XOM: confuse monster(s)
 12124 | Lair:1   | XOM: summons 10 friendly demons
 12233 | Lair:1   | XOM: divination: detect creatures
 12240 | Lair:1   | XOM: summons friendly quasit
 12247 | Lair:1   | XOM: god gift: 36 gold pieces
 12278 | Lair:1   | XOM: god gift: scroll labelled FYDAKLINOO {god gift}
 12283 | Lair:1   | XOM: smoke on damage
 12427 | Lair:1   | XOM: divination: detect creatures
 12447 | Lair:1   | Reached skill level 10 in Fighting
 12485 | Lair:1   | XOM: noise
 12652 | Lair:1   | XOM: summons friendly ufetubus
 12654 | Lair:1   | XOM: enchant monster (good)
 12671 | Lair:1   | XOM: summons 2 hostile demons
 12910 | Lair:2   | XOM: summons 7 hostile demons
 12921 | Lair:2   | XOM: noise
 12942 | Lair:2   | XOM: enchant monster (bad)
 12954 | Lair:2   | Reached XP level 14. HP: 93/103 MP: 0/0
 13020 | Lair:2   | XOM: scenery: create altars
 13028 | Lair:2   | Reached skill level 14 in Long Blades
 13035 | Lair:2   | XOM: fog
 13178 | Lair:2   | Reached skill level 5 in Armour
 13199 | Lair:2   | XOM: summons friendly white imp
 13259 | Lair:2   | XOM: scenery: create altars
 13601 | Lair:2   | XOM: scenery: 1 fountains blood, 1 doors open
 13681 | Lair:2   | XOM: god gift: 58 gold pieces
 13843 | D:3      | Bought a +0 buckler of reflection for 85 gold pieces
 14033 | Lair:3   | You are sucked into a shaft and drop 1 floor!
 14175 | Lair:4   | Reached skill level 1 in Shields
 14303 | Lair:4   | Found a dark tunnel.
 14312 | Volcano  | Entered a volcano
 14456 | Volcano  | XOM: cleaving
 14501 | Volcano  | XOM: polymorph two-headed ogre -> black mamba
 14540 | Volcano  | XOM: cloud trail
 14838 | Lair:3   | Identified the +1 morningstar of Spores {heavy, rElec
                  | rCorr}
 14945 | Lair:3   | Found a staircase to the Swamp.
 14981 | Lair:3   | XOM: polymorph elephant -> brain worm
 14989 | Lair:3   | XOM: destruction
 14992 | Lair:3   | Reached skill level 10 in Dodging
 15047 | Lair:3   | Found a hole to the Spider Nest.
 15192 | Lair:3   | XOM: enchant monster (good)
 15196 | Lair:3   | XOM: fake destruction
 15707 | Lair:4   | XOM: god gift: potion of degeneration
 15777 | Lair:4   | Reached XP level 15. HP: 102/110 MP: 0/0
 15777 | Lair:4   | Learned a level 6 spell: Plasma Beam
 15777 | Lair:4   | XOM: enchant monster (bad)
 15804 | Lair:4   | Found a staircase to the Slime Pits.
 16098 | Lair:4   | XOM: noise
 16220 | Lair:4   | XOM: scenery: summon butterflies
 16222 | Lair:5   | Entered Level 5 of the Lair of Beasts
 16252 | Lair:5   | Gained mutation: You have an unnaturally thin skeletal
                  | structure. (Dex +6, Stealth+++) [hidden potential]
 16252 | Lair:5   | Lost mutation: You have hidden genetic potential. [hidden
                  | potential expressed]
 16413 | Lair:5   | XOM: enchant monster (good)
 16423 | Lair:5   | XOM: blink monster(s)
 16776 | Lair:5   | Found a large runed translucent door.
 16776 | Lair:5   | Found a large runed translucent door.
 16799 | Lair:5   | XOM: confuse monster(s)
 16841 | Lair:5   | XOM: blink monster(s)
 17075 | Lair:5   | XOM: noise
 17083 | Lair:5   | XOM: confuse monster(s)
 17411 | Lair:5   | XOM: cast spell 'Monstrous Menagerie'
 17629 | Orc:1    | Entered Level 1 of the Orcish Mines
 17686 | Orc:2    | Entered Level 2 of the Orcish Mines
 17695 | Orc:2    | Noticed Josephine
 17707 | Orc:2    | Killed Josephine
 17797 | Orc:1    | XOM: silly message
 17805 | Orc:1    | XOM: noise
 17809 | Orc:1    | XOM: silly message
 18096 | Orc:2    | XOM: cast spell 'Olgreb's Toxic Radiance'
 18098 | Orc:2    | Reached skill level 5 in Shields
 18117 | Orc:2    | XOM: potion effect (attraction)
 18119 | Orc:2    | XOM: blink monster(s)
 18130 | Orc:2    | Reached XP level 16. HP: 74/118 MP: 0/0
 18179 | Orc:2    | Found a staircase to the Elven Halls.
 18380 | Orc:2    | Found Japhu's Antique Armour Emporium.
 18381 | Orc:2    | Found Ahidurug's Antique Weapon Boutique.
 18381 | Orc:2    | Found Qiyl's Armour Shoppe.
 18384 | Orc:2    | Found Cout Lahake's Armour Shop.
 18389 | Orc:2    | Bought a +2 pair of gloves of dexterity for 344 gold pieces
 18396 | Orc:2    | Bought a pair of smoking gloves for 275 gold pieces
 18396 | Orc:2    | Identified the +0 pair of gloves "Weingo" {Harm *Slow Int-2
                  | Dex+5} (You bought it in a shop on level 2 of the Orcish
                  | Mines)
 18525 | Orc:2    | Reached skill level 10 in Evocations
 18548 | Orc:2    | XOM: give mutations
 18548 | Orc:2    | Lost mutation: A frigid envelope surrounds you and freezes
                  | all who hurt you. [Xom's mischief]
 18548 | Orc:2    | Lost mutation: Your muscles are strong. (Str +4, Int/Dex
                  | -1) [Xom's mischief]
 19069 | D:12     | XOM: summons 5 friendly demons
 19073 | D:12     | XOM: summons 3 friendly demons
 19079 | D:12     | XOM: silly message
 19181 | D:12     | XOM: confuse monster(s)
 19182 | D:12     | XOM: confuse monster(s)
 19229 | D:12     | XOM: noise
 19425 | D:12     | XOM: divination: detect creatures
 19563 | D:12     | XOM: 1-stop teleportation journey
 19576 | D:12     | Noticed Nessos
 19588 | D:12     | Killed Nessos
 19643 | D:12     | XOM: god gift: 4 stones
 19820 | D:12     | XOM is BORED!
 19820 | D:12     | XOM: give mutations
 19820 | D:12     | Lost mutation: You are completely covered in iridescent
                  | scales. (AC +6) [Xom's mischief]
 19820 | D:12     | Lost mutation: Your flesh is almost immune to the effects
                  | of heat. (rF+++) [Xom's mischief]
 19820 | D:12     | Lost mutation: You expend health (3 HP) to strengthen your
                  | wands. [Xom's mischief]
 19980 | D:13     | XOM: stealth player
 20073 | D:13     | XOM: enchant monster (good)
 20182 | D:13     | XOM: scenery: summon butterflies
 20211 | D:13     | Found a runed translucent door.
 20269 | D:12     | XOM: 3-stop teleportation journey
 20377 | D:12     | XOM: summons 2 friendly demons
 20385 | D:12     | Reached skill level 15 in Long Blades
 20623 | D:13     | Found a hide-covered altar of Uskayaw.
 21218 | D:14     | Noticed Lodul
 21226 | D:14     | Killed Lodul
 21316 | D:14     | XOM: summons friendly ufetubus
 21353 | D:14     | XOM: polymorph ufetubus -> iron imp
 21377 | D:14     | Found a gate to the Vaults.
 21435 | D:14     | Reached XP level 17. HP: 93/123 MP: 0/0
 21435 | D:14     | Learned a level 6 spell: Eringya's Noxious Bog
 21671 | D:14     | XOM: summons 7 hostile demons
 21691 | D:14     | XOM: silly message
 21791 | D:14     | XOM: silly message
 21817 | D:14     | XOM: silly message
 22062 | D:15     | Entered Level 15 of the Dungeon
 22062 | D:15     | XOM: 1-stop teleportation journey
 22078 | D:15     | XOM: potion effect (brilliance)
 22094 | D:15     | XOM: potion effect (might)
 22267 | D:15     | Found a staircase to the Depths.
 22789 | D:15     | XOM: silly message
 22949 | Swamp:1  | Entered Level 1 of the Swamp
 22973 | Swamp:1  | XOM: potion effect (curing)
 22975 | Swamp:1  | Reached skill level 10 in Armour
 23005 | Swamp:1  | XOM: silly message
 23027 | Swamp:1  | XOM: noise
 23103 | Swamp:1  | XOM: 1-stop teleportation journey
 23112 | Swamp:1  | XOM: enchant monster (bad)
 23113 | Swamp:1  | Noticed Mlioglotl
 23125 | Swamp:1  | Noticed a tentacled starspawn
 23129 | Swamp:1  | Killed Mlioglotl
 23147 | Swamp:1  | XOM: silly message
 23388 | Swamp:1  | XOM: 5-stop teleportation journey
 23407 | Swamp:1  | XOM: noise
 23460 | Swamp:1  | XOM: enchant monster (good)
 23652 | Swamp:2  | XOM: stealth player
 23653 | Swamp:2  | Noticed HilariousDeathArtist's ghost (adept VSNe)
 23656 | Swamp:2  | Found a runed translucent door.
 23679 | Swamp:2  | Identified the +0 ring mail of the Devil {Str+3 Int+2}
 23814 | Swamp:2  | Killed HilariousDeathArtist's ghost
 24064 | Swamp:2  | XOM: cast spell 'Iskenderun's Battlesphere'
 24181 | Swamp:2  | Reached skill level 10 in Spellcasting
 24181 | Swamp:2  | Reached skill level 10 in Conjurations
 24181 | Swamp:2  | Reached skill level 10 in Hexes
 24181 | Swamp:2  | Reached skill level 10 in Summonings
 24181 | Swamp:2  | Reached skill level 10 in Necromancy
 24181 | Swamp:2  | Reached skill level 10 in Translocations
 24181 | Swamp:2  | Reached skill level 10 in Fire Magic
 24181 | Swamp:2  | Reached skill level 10 in Ice Magic
 24181 | Swamp:2  | Reached skill level 10 in Air Magic
 24181 | Swamp:2  | Reached skill level 10 in Earth Magic
 24181 | Swamp:2  | Reached skill level 10 in Alchemy
 24410 | Swamp:3  | Noticed a thorn hunter
 24414 | Swamp:3  | Killed a thorn hunter
 24499 | Swamp:3  | XOM: smoke on damage
 24973 | Swamp:4  | Entered Level 4 of the Swamp
 24979 | Swamp:4  | XOM: potion effect (invisibility)
 24999 | Swamp:4  | Noticed a thorn hunter
 25000 | Swamp:4  | Reached XP level 18. HP: 128/130 MP: 0/0
 25003 | Swamp:4  | XOM: potion effect (curing)
 25005 | Swamp:4  | XOM: silly message
 25008 | Swamp:4  | Identified the serpent talisman "Trusted Companion" {Str+3}
 25008 | Swamp:4  | Noticed Aizul
 25058 | Swamp:3  | Killed Aizul
 25117 | Swamp:4  | XOM: divination: detect items
 25162 | Swamp:4  | Found a transporter.
 25169 | Swamp:4  | Noticed Louise
 25177 | Swamp:4  | Killed Louise
 25230 | Swamp:4  | XOM: silly message
 25294 | Swamp:4  | Noticed sasquatch's ghost (adept DsGl)
 25349 | Swamp:4  | XOM: potion effect (heal wounds)
 25441 | Swamp:4  | XOM: silly message
 25524 | Swamp:4  | XOM: potion effect (might)
 25631 | Swamp:4  | Got a decaying rune of Zot
 25744 | Swamp:4  | XOM: give mutation
 25744 | Swamp:4  | Gained mutation: Your flesh is almost immune to the effects
                  | of heat. (rF+++) [Xom's grace]
 25778 | Swamp:4  | XOM: give mutations
 25778 | Swamp:4  | Lost mutation: You are covered in fur. (AC +1) [Xom's
                  | mischief]
 25778 | Swamp:4  | Lost mutation: Your body sometimes deteriorates upon taking
                  | damage. [Xom's mischief]
 25922 | Spider:1 | Entered Level 1 of the Spider Nest
 25929 | Spider:1 | XOM: god gift: 7 stones
 25990 | Spider:1 | XOM: scenery: create altars
 26001 | Spider:1 | XOM: confuse monster(s)
 26396 | Spider:1 | XOM: give mutations
 26396 | Spider:1 | Gained mutation: You have a pair of small horns on your
                  | head. [Xom's grace]
 26396 | Spider:1 | Gained mutation: You have a pair of horns on your head.
                  | [Xom's grace]
 26404 | Spider:1 | XOM: fog
 26612 | Spider:1 | XOM: god gift: wand of polymorph (7)
 26628 | Spider:2 | XOM: 2-stop teleportation journey
 26709 | Spider:2 | XOM: scenery: summon butterflies
 26853 | Spider:2 | XOM: 2-stop teleportation journey
 27244 | Spider:2 | Identified the +0 hat of Zapnaca {rF- rCorr Int+3}
 27393 | Spider:3 | XOM: enchant monster (bad)
 27445 | Spider:3 | XOM: blink monster(s)
 27451 | Spider:3 | XOM: enchant monster (bad)
 27528 | Spider:3 | XOM: polymorph moth of wrath -> satyr
 27877 | Spider:3 | XOM: summons 4 hostile demons
 28497 | Spider:4 | Entered Level 4 of the Spider Nest
 28517 | Spider:4 | Noticed Mara
 28603 | Spider:4 | XOM: summons 2 hostile shadow creatures
 28624 | Spider:3 | Slain by a spark wasp

Illustrated notes

Levels and vault maps discovered:
D:1:      dpeg_arrival_rhombi, layout_rooms
D:2:      layout_rooms, ebering_ecumenical_altar_sacrificial, uniq_sigmund,
          uniq_robin
D:3:      layout_basic, nicolae_overflow_two_pavilions,
          nicolae_sif_muna_little_library, serial_shops, shop, uniq_natasha
D:4:      layout_loops_ring, minmay_misc_feat_diagonals
D:5:      layout_basic, minmay_temple_entry_nine_rooms,
          kennysheep_generic_room_6
D:6:      layout_loops_ring, uniq_prince_ribbit1, uniq_eustachio,
          uniq_blork_the_orc
D:7:      nzn_winding_woodlands_large [nzn_winding_woodlands_5x5_checkerboard,
          nzn_winding_woodlands_5x15_crooked, nzn_winding_woodlands_5x5_cross,
          nzn_winding_woodlands_center_lodge,
          nzn_winding_woodlands_15x15_killbox,
          nzn_winding_woodlands_center_garden,
          nzn_winding_woodlands_5x5_closed_star,
          nzn_winding_woodlands_5x15_sawtooth,
          nzn_winding_woodlands_5x5_perimeter], layout_layer_cave,
          nzn_wu_jian_contemplation, old_standard_altar,
          minmay_misc_feat_nine_boxes
D:8:      layout_gridville, ebering_ghost_reflecting_pool,
          kennysheep_generic_room_11, uniq_maurice, uniq_grum, uniq_amaemon,
          uniq_jeremiah, uniq_maggie, uniq_gastronok
D:9:      layout_irregular_city, hellmonk_lair_entry_icy,
          minmay_fractal_squares_diagonal_5
D:10:     layout_rooms, grunt_qazlal_sundering, serial_library,
          serial_library_hellmonk_long_bookcase,
          serial_library_hellmonk_filled_rooms,
          serial_library_hellmonk_small_alcove,
          serial_library_regret_index_double_sided,
          serial_library_hellmonk_open_square,
          serial_library_hellmonk_hallway_a, serial_library_hellmonk_room_a,
          serial_library_hellmonk_layered_room,
          serial_library_hellmonk_secret_room,
          serial_library_regret_index_headful, serial_library_hellmonk_octagon,
          hangedman_decor_slide_cut
D:11:     layout_big_octagon, erik_orc_2, nrook_mini_backslash,
          minmay_fractal_squares_5
D:12:     minmay_isolated_rectangles_in_corner, layout_gridville, uniq_nessos
D:13:     layout_basic, nicolae_danse_macabre
D:14:     layout_stronghold, erik_vaults_2, serial_bayou_shore_a, uniq_lodul
D:15:     hangedman_depths_entry_civil_slaughter, layout_loops_cross,
          minmay_misc_feat_room
Lair:1:   lemuel_slime, layout_cave_shapes, infiniplex_staircase_pool_2
Lair:2:   layout_big_grid, grunt_megastairs_1
Lair:3:   layout_roguey, minmay_swamp_entry_reptiles, dummy_spider_entry
Lair:4:   layout_gridlike, minmay_slime_entry_pillars,
          nicolae_volcano_entry_s_turn, kennysheep_abandoned_house
Lair:5:   cheibrodos_lair_end_hotspot, layout_regular_city
Swamp:1:  layout_basic_swamp, evilmike_swamp_ruin_house_4, uniq_mlioglotl
Swamp:2:  layout_falls_marsh, hellmonk_ghost_happy_afterlife,
          evilmike_swamp_ruin_rubble_2
Swamp:3:  layout_basic_swamp, nicolae_swamp_trees_clearing
Swamp:4:  swamp_icy, layout_basic_swamp, gammafunk_ghost_mausoleum,
          swamp_pool_1_2, uniq_aizul, uniq_louise
Spider:1: layout_cave_pods, drop_trap
Spider:2: layout_spider_delve
Spider:3: layout_chambers
Spider:4: hellmonk_spider_rune_endless_swarm, nicolae_spider_orb_run, uniq_mara,
          uniq_roxanne
Orc:1:    layout_diamond_mine
Orc:2:    st_orc_rangers, layout_caves, uniq_josephine

Skill      XL: |  1  2  3  4  5  6  7  8  9 10 11 12 13 14 15 16 17 18 |
---------------+-------------------------------------------------------+-----
Long Blades    | 3 4 5 6 8 10 11 12 13 14 15 | 15.1
Armour         | 2 3 4 6 7 9 10 12 | 12.3
Spellcasting   | 1 2 3 4 5 6 7 8 10 11 | 11.1
Conjurations   | 1 2 3 4 5 6 7 8 10 11 | 11.1
Hexes          | 1 2 3 4 5 6 7 8 10 11 | 11.1
Summonings     | 1 2 3 4 5 6 7 8 10 11 | 11.1
Necromancy     | 1 2 3 4 5 6 7 8 10 11 | 11.1
Translocations | 1 2 3 4 5 6 7 8 10 11 | 11.1
Fire Magic     | 1 2 3 4 5 6 7 8 10 11 | 11.1
Ice Magic      | 1 2 3 4 5 6 7 8 10 11 | 11.1
Air Magic      | 1 2 3 4 5 6 7 8 10 11 | 11.1
Earth Magic    | 1 2 3 4 5 6 7 8 10 11 | 11.1
Alchemy        | 1 2 3 4 5 6 7 8 10 11 | 11.1
Fighting       | 4 5 6 7 8 9 10 11 12 13 | 13.1
Dodging        | 3 4 5 6 7 9 10 11 13 14 | 14.3
Evocations     | 3 5 7 8 9 11 | 11.0
Shields        | 2 5 7 |  7.9

Action                     |  1- 3 |  4- 6 |  7- 9 | 10-12 | 13-15 | 16-18 || total
---------------------------+-------+-------+-------+-------+-------+-------++-------
  Melee: Falchion          |    51 |    38 |       |       |       |       ||    89
         Long sword        |       |    14 |   139 |   333 |   600 |   557 ||  1643
         Headbutt          |       |     4 |    24 |    52 |     6 |    29 ||   115
         Punch             |       |     1 |     1 |     4 |     3 |       ||     9
         Bite              |       |       |    11 |    31 |       |       ||    42
   Cast: Mercury Vapours   |       |       |     3 |    16 |     6 |       ||    25
         Summon Ice Beast  |       |       |       |     2 |     1 |     1 ||     4
         Freezing Cloud    |       |       |       |       |    46 |    56 ||   102
         Plasma Beam       |       |       |       |       |       |   273 ||   273
         Sting             |       |       |       |       |       |     4 ||     4
         Iskenderun's Batt |       |       |       |       |       |     1 ||     1
         Eringya's Noxious |       |       |       |       |       |     1 ||     1
  Evoke: Wand              |       |       |       |       |     5 |       ||     5
    Use: Scroll            |       |       |       |     6 |     9 |    15 ||    30
         Potion            |       |       |       |       |     1 |     1 ||     2
   Stab: Paralysed         |       |     2 |       |       |       |       ||     2
         Sleeping          |       |       |    10 |    11 |    19 |     8 ||    48
         Petrifying        |       |       |       |     1 |     1 |       ||     2
         Distracted        |       |       |       |     2 |     3 |     7 ||    12
         Confused          |       |       |       |     1 |     2 |       ||     3
         Invisible         |       |       |       |     1 |       |     3 ||     4
         Petrified         |       |       |       |       |     2 |     1 ||     3
 Armour: Leather armour    |    24 |    25 |    88 |    53 |       |       ||   190
         Steam dragon scal |       |       |       |   105 |   102 |       ||   207
         Robe              |       |       |       |       |   165 |   253 ||   418
  Dodge: Dodged            |    30 |    27 |    93 |   195 |   460 |   521 ||  1326
  Block: Buckler           |       |       |       |       |    95 |   250 ||   345
         Reflection        |       |       |       |       |    12 |    21 ||    33
